 Dungeon Crawl Stone Soup version 0.32-a0-636-g4925a30cd0 (webtiles) character file.

Game seed: 11848420770716152027

115 IndexError the Shooter (level 5, -3/42 HPs)
             Began as a Barachi Hunter on Mar 7, 2024.
             Succumbed to Sigmund's poison
             ... on level 2 of the Dungeon.
             The game lasted 00:03:14 (1600 turns).

IndexError the Shooter (Barachi Hunter)             Turns: 1600, Time: 00:03:15

Health: -3/42      AC:  4    Str: 12    XL:     5   Next: 0%
Magic:  5/5        EV: 12    Int:  9    God:
Gold:   64         SH:  0    Dex: 18    Spells: 4/4 levels left

rFire   . . .        a - +0 shortbow
rCold   . . .        (shield currently unavailable)
rNeg    . . .        c - +0 leather armour
rPois   .            (no helmet)
rElec   .            (no cloak)
rCorr   .            f - +0 pair of gloves
SInv    .            (no boots)
Will    .....        (no amulet)
Stlth   +            (no ring)
HPRegen 0.27/turn    (no ring)
MPRegen 0.09/turn

%: no passive effects
@: confused, lethally poisoned (-3 -> -15), slow
A: amphibious, slowness 1, strong legs 1, +LOS
a: Hop


You were on level 2 of the Dungeon.
You visited 1 branch of the dungeon, and saw 2 of its levels.

You collected 64 gold pieces.

Inventory:

Hand Weapons
 a - a +0 shortbow (weapon)
Armour
 c - a +0 leather armour (worn)
 f - a +0 pair of gloves (worn)
   (You found it on level 1 of the Dungeon)
 j - the +0 robe of Dithmenos's Favour {+Inv rN+ Str+3 Int-5}
   (You found it on level 2 of the Dungeon)

   Str+3:     It affects your strength (+3).
   Int-5:     It affects your intelligence (-5).
   rN+:       It protects you from negative energy.
   +Inv:      It lets you turn invisible.
Magical Staves
 h - a staff of air {rElec}
   (You found it on level 1 of the Dungeon)
Jewellery
 k - an amulet of reflection
   (You found it on level 2 of the Dungeon)
Scrolls
 b - a scroll of butterflies
 d - 2 scrolls of identify {unknown}
 g - a scroll of teleportation {unknown}
 i - a scroll of revelation {unknown}
 m - a scroll of noise {unknown}
Potions
 e - 2 potions of brilliance {unknown}
 l - a potion of degeneration {unknown}
 n - a potion of heal wounds {unknown}


   Skills:
 + Level 4.0 Fighting
 * Level 5.5 Ranged Weapons
 - Level 2.1 Dodging
 - Level 0.8 Stealth


You had 4 spell levels left.
You didn't know any spells.
Your spell library contained the following spells:

 Spells                   Type           Power      Damage    Failure   Level
 Freeze                   Ice            0%         1d3       45%         1
 Frozen Ramparts          Ice            0%         1d1       83%         3
 Hailstorm                Conj/Ice       0%         3d5       83%         3


Dungeon Overview and Level Annotations

Branches:
Dungeon (2/15)

Altars:
Wu Jian

Annotations:
D:2 Sigmund


Innate Abilities, Weirdness & Mutations

You are amphibious.
You cover ground slowly.
You can hop short distances.
You have an extended range of vision and can be seen from far away.


Message History

You shoot an arrow. The arrow hits the adder!
The adder bites you. The adder completely misses you.
You take 1 damage, and have 36/37 hp.
You shoot an arrow. The arrow barely misses the adder.
The adder bites you.
You shoot an arrow. The arrow misses the adder.
The adder barely misses you. The adder misses you.
You shoot an arrow. The arrow hits the adder!
Your Fighting skill increases to level 4!
No target in view!
n - a fizzy green potion Health restored: 37
Found a stone staircase leading down.
An endoplasm comes into view.
You shoot an arrow. The arrow hits the endoplasm.
The endoplasm quivers.
You hear a shout!
You shoot an arrow. The arrow barely misses Sigmund.
Sigmund casts a spell at you. The puff of flame hits you!
You take 8 damage, and have 29/37 hp.
MASSIVE DAMAGE!!
You shoot an arrow.
The arrow hits Sigmund but does no damage.
Sigmund barely misses you.
You shoot an arrow. The arrow hits the endoplasm.
Sigmund hits you from afar with a +2 scythe of venom.
You are poisoned.
You take 2 damage, and have 27/37 hp.
You shoot an arrow. The arrow hits the endoplasm.
You feel very sick.
You take 2 damage, and have 25/37 hp.
You shoot an arrow. The arrow barely misses Sigmund.
You feel sick. Sigmund barely misses you.
A quokka comes into view.
You take 2 damage, and have 23/37 hp.
You shoot an arrow. The arrow hits Sigmund.
You feel sick. Sigmund closely misses you.
You take 2 damage, and have 21/37 hp.
You are too injured to fight recklessly!
You are too injured to fight recklessly!
You are too injured to fight recklessly!
You are too injured to fight recklessly!
Fire: a) +0 shortbow
Press: ? - help, Q - select action, (/) - cycle Shift-Dir - straight line, f/p - Sigmund
Aim: Sigmund, wielding a +2 scythe of venom and wearing a +0 robe (lightly wounded, 62% to hit)
You shoot an arrow. The arrow barely misses Sigmund.
You feel sick.
Sigmund is suddenly surrounded by pale red light.
Sigmund hits you but does no damage.
Fire: a) +0 shortbow
Press: ? - help, Q - select action, (/) - cycle Shift-Dir - straight line, f/p - Sigmund
Aim: Sigmund, wielding a +2 scythe of venom and wearing a +0 robe (lightly wounded, 62% to hit)
You shoot an arrow. The arrow completely misses the quokka.
The arrow closely misses Sigmund.
You feel sick. The quokka bites you.
The quokka bites you but does no damage.
You take 2 damage, and have 19/37 hp.
Fire: a) +0 shortbow
Press: ? - help, Q - select action, (/) - cycle Shift-Dir - straight line, f/p - Sigmund
Aim: Sigmund, wielding a +2 scythe of venom and wearing a +0 robe (lightly wounded, 62% to hit)
You shoot an arrow.
The arrow hits the quokka but does no damage.
You feel sick.
Sigmund hits you from afar with a +2 scythe of venom.
You are more poisoned.
The quokka closely misses you.
You take 5 damage, and have 14/37 hp.
Fire: a) +0 shortbow
Press: ? - help, Q - select action, (/) - cycle Shift-Dir - straight line, f/p - Sigmund
Aim: Sigmund, wielding a +2 scythe of venom and wearing a +0 robe (lightly wounded, 62% to hit)
You shoot an arrow. The arrow barely misses the quokka.
The arrow closely misses Sigmund.
You feel sick. The quokka closely misses you. Sigmund barely misses you.
The quokka bites you but does no damage.
You take 2 damage, and have 12/37 hp.
Fire: a) +0 shortbow
Press: ? - help, Q - select action, (/) - cycle Shift-Dir - straight line, f/p - Sigmund
Aim: Sigmund, wielding a +2 scythe of venom and wearing a +0 robe (lightly wounded, 62% to hit)
You shoot an arrow. The arrow hits the quokka!
You feel sick. Sigmund casts a spell at you.
You are confused.
You have reached level 5!
Non-targeted confused fire: a) +0 shortbow
Press: ? - help, Q - select action, (/) - cycle Dir - look around, f - activate You shoot an arrow.
You feel sick.
Sigmund hits you from afar with a +2 scythe of venom.
* * * LOW HITPOINT WARNING * * *
You are lethally poisoned!
Non-targeted confused fire: a) +0 shortbow
Press: ? - help, Q - select action, (/) - cycle Dir - look around, f - activate You shoot an arrow.
* * * LOW HITPOINT WARNING * * *
You feel very sick. Sigmund gestures at you while chanting.
The puff of flame misses you.
Non-targeted confused fire: a) +0 shortbow
Press: ? - help, Q - select action, (/) - cycle Dir - look around, f - activate You shoot an arrow.
You die...

#........#..........
#........#........#.
#..)..............#.
#........>..........
#........###.###....
#............# .###
.P## #........#####
# # ...# #.......##
. # ... #..@...##
#.## ######..###
##..#### ....
#.........# #...@
#..# #.........
....... .#.#
#.......#....##....
.... ##..........#
#..... ....
#...<...###. #.....[
..## #.......# #
#>...... . #
#.......# #........
#


You could see Sigmund.

Vanquished Creatures
  Natasha (twice) (D:2)
  An adder (D:2)
  A ribbon worm (D:2)
  5 bats (D:2)
  8 endoplasms
  5 giant cockroaches (D:1)
  4 goblins (D:1)
  5 hobgoblins (D:1)
  6 kobolds
  3 quokkas
  3 ball pythons
  A frilled lizard (D:1)
  3 rats (D:1)
47 creatures vanquished.

Notes
Turn   | Place    | Note
-------+----------+-------------------------------------------
     0 | D:1      | IndexError the Barachi Hunter began the quest for the Orb.
     0 | D:1      | Reached XP level 1. HP: 17/17 MP: 1/1
    87 | D:1      | Reached XP level 2. HP: 23/23 MP: 2/2
   162 | D:1      | Reached skill level 3 in Fighting
   183 | D:1      | Reached XP level 3. HP: 29/29 MP: 3/3
  1082 | D:2      | Identified the +0 robe of Dithmenos's Favour {+Inv rN+
                  | Str+3 Int-5}
  1167 | D:2      | Found an ornate altar of the Wu Jian Council.
  1196 | D:2      | Noticed Sigmund
  1219 | D:2      | HP: 6/29 [something/puff of flame (4)]
  1386 | D:2      | Noticed Natasha
  1395 | D:2      | Killed Natasha
  1396 | D:2      | Reached skill level 5 in Ranged Weapons
  1396 | D:2      | Reached XP level 4. HP: 23/37 MP: 4/4
  1404 | D:2      | Noticed Natasha
  1413 | D:2      | HP: 8/37 [Natasha (4)]
  1415 | D:2      | Killed Natasha
  1566 | D:2      | Reached skill level 4 in Fighting
  1598 | D:2      | Reached XP level 5. HP: 12/42 MP: 5/5
  1598 | D:2      | HP: 5/42 [Sigmund/+2 scythe of venom (6)]
  1599 | D:2      | HP: 1/42 [poisoned by Sigmund]
  1600 | D:2      | Succumbed to Sigmund's poison

Illustrated notes

Levels and vault maps discovered:
D:1:      tekkud_arrival_beachfront_property, layout_basic, minmay_pentomino_v4
D:2:      layout_rooms, basic_altar, uniq_sigmund, uniq_crazy_yiuf_cottage,
          uniq_natasha

Skill      XL: |  1  2  3  4 |
---------------+-------------+-----
Fighting       | 3 4 |  4.0
Ranged Weapons | 5 |  5.5
Dodging        | |  2.1
Stealth        | |  0.8

Action                     |  1- 3 |  4- 6 || total
---------------------------+-------+-------++-------
   Fire: Shortbow          |   129 |    33 ||   162
Ability: Hop               |     2 |       ||     2
 Armour: Leather armour    |    42 |    18 ||    60
  Dodge: Dodged            |    42 |    14 ||    56

Table legend: (Time is in decaauts)
 A = Elapsed time spent in this place.
 B = Non-inter-level travel time spent in this place.
 C = Inter-level travel time spent in this place.
 D = Time resting spent in this place.
 E = Time spent auto-exploring this place.
 F = Levels seen in this place.
 G = Mean time per level.
                   A        B        C        D        E       F      G
               +--------+--------+--------+--------+--------+-----+--------+
         Total |   1859 |   1683 |    176 |      0 |   1344 |   2 |  929.5 |
       Dungeon |   1859 |   1683 |    176 |      0 |   1344 |   2 |  929.5 |
               +--------+--------+--------+--------+--------+-----+--------+

Top non-repeatable levels by time:
     D:1: 1355 daAuts
     D:2: 504 daAuts

Levels and vault maps discovered:
D:1:      tekkud_arrival_beachfront_property, layout_basic, minmay_pentomino_v4
D:2:      layout_rooms, basic_altar, uniq_sigmund, uniq_crazy_yiuf_cottage,
          uniq_natasha

Table legend: (Time is in decaauts)
 A = Elapsed time spent in this place.
 B = Non-inter-level travel time spent in this place.
 C = Inter-level travel time spent in this place.
 D = Time resting spent in this place.
 E = Time spent auto-exploring this place.
 F = Levels seen in this place.
 G = Mean time per level.
                   A        B        C        D        E       F      G
               +--------+--------+--------+--------+--------+-----+--------+
         Total |   1859 |   1683 |    176 |      0 |   1344 |   2 |  929.5 |
       Dungeon |   1859 |   1683 |    176 |      0 |   1344 |   2 |  929.5 |
               +--------+--------+--------+--------+--------+-----+--------+

Top non-repeatable levels by time:
     D:1: 1355 daAuts
     D:2: 504 daAuts

Table legend:
 A = Kills in this place as a percentage of kills in the entire game.
 B = Kills by you in this place as a percentage of kills by you in the entire game.
 C = Kills by friends in this place as a percentage of kills by friends in the entire game.
 D = Other kills in this place as a percentage of other kills in the entire game.
 E = Experience gained in this place as a percentage of experience gained in the entire game.
 F = Experience gained in this place divided by the number of levels of this place that you have seen.
                   A       B       C       D       E      F
               +-------+-------+-------+-------+-------+----------------------
         Total | 100.0 | 100.0 |   N/A |   N/A | 100.0 |  82.5
       Dungeon | 100.0 | 100.0 |   N/A |   N/A | 100.0 |  82.5
               +-------+-------+-------+-------+-------+----------------------
